 Dungeon Crawl Stone Soup version 0.30-a0-241-g1121274140 (webtiles) character file.

Game seed: 16035778927068149472

349 KennySheep the Changer (level 6, -8/47 HPs)
             Began as a Demigod Transmuter on Oct 11, 2022.
             Mangled by a black bear (9 damage)
             ... on level 5 of the Dungeon.
             The game lasted 00:10:35 (4212 turns).

KennySheep the Changer (Demigod Transmuter)         Turns: 4212, Time: 00:10:36

Health: -8/47      AC:  2    Str: 17    XL:     6   Next: 11%
Magic:  9/11       EV: 19    Int: 15    God:
Gold:   208        SH:  0    Dex: 19    Spells: 3/9 levels left

rFire   . . .      SeeInvis .      - Unarmed
rCold   . . .      Faith    .    (shield currently unavailable)
rNeg    . . .      Spirit   .    (body armour currently unavailable)
rPois   x          Reflect  .    (helmet currently unavailable)
rElec   .          Harm     .    (cloak currently unavailable)
rCorr   .          Rampage  .    (gloves currently unavailable)
Will    .....                    (boots currently unavailable)
Stlth   ++........               (no amulet)
HPRegen 0.27/turn                (no ring)
MPRegen 0.12/turn                (no ring)

@: spider-form
A: venomous fangs, tiny, high MP 1, forlorn, divine attributes, weak 1
a: End Transformation


You were on level 5 of the Dungeon.
You were a venomous arachnid creature.
You visited 1 branch of the dungeon, and saw 5 of its levels.

You collected 208 gold pieces.

Inventory:

Hand Weapons
 l - a +1 dagger of venom
Missiles
 f - 2 boomerangs
Armour
 a - a +0 robe (melded)
 w - a +1 helmet (melded)
Jewellery
 e - a ring of protection from cold
 o - a ring of magical power
Wands
 i - a wand of iceblast (6)
 u - a wand of polymorph (7)
Scrolls
 g - a scroll of vulnerability
 h - 2 scrolls of amnesia
Potions
 b - 2 potions of lignification
 c - a potion of cancellation
 d - a potion of invisibility {unknown}
 j - a potion of attraction {unknown}
 k - 3 potions of curing
 n - a potion of brilliance {unknown}
 p - a potion of haste {unknown}
 q - a potion of flight
 r - a potion of mutation
 t - a potion of degeneration


   Skills:
 + Level 1.3 Fighting
 + Level 2.1 Dodging
 + Level 3.0 Unarmed Combat
 - Level 2.0 Spellcasting
 * Level 4.6 Transmutations
 + Level 3.0 Poison Magic


You had 3 spell levels left.
You knew the following spells:

 Your Spells              Type           Power      Damage    Failure   Level
a - Beastly Appendage     Tmut           30%        N/A       11%         1
b - Wereblood             Tmut           15%        N/A       14%         2
z - Spider Form           Tmut/Pois      13%        N/A       32%         3

Your spell library contained the following spells:

 Spells                   Type           Power      Damage    Failure   Level
 Magic Dart               Conj           4%         1d3       43%         1
 Summon Small Mammal      Summ           4%         N/A       43%         1
 Call Imp                 Summ           1%         N/A       54%         2
 Mephitic Cloud           Conj/Pois/Air  4%         N/A       63%         3
 Call Canine Familiar     Summ           1%         N/A       75%         3
 Gell's Gravitas          Tloc           1%         N/A       75%         3
 Lesser Beckoning         Tloc           2%         N/A       75%         3
 Summon Guardian Golem    Hex/Summ       1%         N/A       75%         3
 Teleport Other           Tloc           1%         N/A       75%         3
 Ice Form                 Ice/Tmut       8%         N/A       83%         4


Dungeon Overview and Level Annotations

Branches:
Dungeon (5/15)
 Temple: D:4-7

Annotations:
D:4 exclusion: black bear


Innate Abilities, Weirdness & Mutations

You are a venomous arachnid creature.
You have poisonous fangs.
You are tiny and dextrous.
Your spellcasting is less reliable in this form.
Your armour is entirely melded.
You are incapable of wielding weapons or throwing items.
You have an increased reservoir of magic. (+10% MP)
You shall have no god before yourself.
Your divine heritage dramatically boosts your attributes as you level up.
You are weak. (Str -2)


Message History

You kill the orc!
The orc wizard casts a spell at you. You resist with some effort.
Your Unarmed Combat skill increases to level 3!
The black bear bites you. The black bear misses you.
The black bear closely misses you.
The orc priest looks encouraged for a moment.
You hit the black bear.
The black bear is poisoned.
The black bear is lightly wounded.
The black bear bites you! The black bear barely misses you.
The black bear claws you.
You hit the black bear.
The black bear looks as sick as possible!
The black bear is moderately wounded.
The black bear bites you but does no damage.
The black bear claws you but does no damage.
The black bear claws you.
You hit the black bear.
The black bear looks as sick as possible!
The black bear is severely wounded.
The black bear barely misses you. The black bear misses you.
The black bear claws you.
You hit the black bear.
The black bear looks as sick as possible!
The black bear is almost dead.
The black bear goes berserk!
The orc priest looks encouraged for a moment.
You hit the black bear.
The black bear is almost dead.
The black bear closely misses you. The black bear claws you.
* * * LOW HITPOINT WARNING * * *
The black bear claws you.
* * * LOW HITPOINT WARNING * * *
You hit the black bear but do no damage.
The black bear is almost dead.
The black bear bites you!
* * * LOW HITPOINT WARNING * * *
The black bear barely misses you. The black bear closely misses you.
The black bear bites you!
You die...

........# #..............
........# #(.............
........# #.....>.......
.......># #..o.........#
........# #............#
........# #.).........#
.......# #####.......#
......# ###ho.......
#....## ####.s#........
#.....######....####......
#####...##......# #.....
###.........# #.>..
##.<.....## #...
#........# ##. #........#
#.......## ##.....##


You could see a black bear (berserk, extremely poisoned) and an orc priest.

Vanquished Creatures
  A scorpion (D:5)
  A hound (D:5)
  Jessica (D:3)
  An iguana (D:5)
  Natasha (twice) (D:3)
  Terence (D:3)
  Robin (D:3)
  4 adders
  A worm (D:5)
  7 orcs
  9 ball pythons
  6 bats
  4 endoplasms
  A giant cockroach (D:1)
  18 goblins
  5 hobgoblins
  4 jackals (D:1)
  7 kobolds
  A quokka (D:2)
  3 frilled lizards
  2 rats
80 creatures vanquished.

Notes
Turn   | Place    | Note
-------+----------+-------------------------------------------
     0 | D:1      | KennySheep the Demigod Transmuter began the quest for the
                  | Orb.
     0 | D:1      | Reached XP level 1. HP: 15/15 MP: 5/5
   194 | D:1      | Reached skill level 2 in Transmutations
   423 | D:1      | Reached skill level 1 in Poison Magic
   427 | D:1      | Reached XP level 2. HP: 12/22 MP: 5/7
   848 | D:2      | Learned a level 2 spell: Wereblood
  1100 | D:2      | Reached XP level 3. HP: 27/27 MP: 8/8
  1164 | D:2      | Learned a level 3 spell: Spider Form
  1583 | D:3      | Reached skill level 3 in Transmutations
  1583 | D:3      | Noticed Robin
  1708 | D:3      | Noticed Jessica
  1739 | D:3      | Killed Jessica
  1740 | D:3      | Reached XP level 4. HP: 34/34 MP: 5/9
  2125 | D:3      | Killed Robin
  2301 | D:3      | Noticed Terence
  2311 | D:3      | Killed Terence
  2314 | D:3      | Gained mutation: You are weak. (Str -2) [potion of
                  | mutation]
  2380 | D:3      | Noticed Natasha
  2394 | D:3      | Killed Natasha
  2395 | D:3      | Reached skill level 4 in Transmutations
  2395 | D:3      | Reached XP level 5. HP: 21/39 MP: 7/10
  2605 | D:3      | Noticed Natasha
  2613 | D:3      | Killed Natasha
  3124 | D:4      | Noticed a black bear
  3783 | D:4      | Noticed a black bear
  3826 | D:5      | Entered Level 5 of the Dungeon
  3840 | D:5      | Reached skill level 1 in Fighting
  3854 | D:5      | Reached XP level 6. HP: 4/47 MP: 11/11
  4212 | D:5      | HP: 1/47 [black bear (8)]
  4212 | D:5      | Mangled by a black bear

Illustrated notes

Levels and vault maps discovered:
D:1:      dpeg_arrival_rhombus, layout_loops_cross,
          hellmonk_ecumenical_altar_blasted
D:2:      layout_basic
D:3:      layout_basic, uniq_jessica, uniq_robin, uniq_terence, uniq_natasha
D:4:      layout_basic, trog_ov_bears_minmay, general_overflow_altar,
          chequers_serial_rivers_small_b
D:5:      layout_cave_pods, kennysheep_mini_moat,
          minmay_temple_entry_proselytizer, portal_sewer_entry_f

Skill      XL: |  1  2  3  4  5  6 |
---------------+-------------------+-----
Transmutations | 2 3 4 |  4.6
Poison Magic   | 1 2 3 |  3.0
Spellcasting   | 2 |  2.0
Fighting       | 1 |  1.3
Dodging        | 2 |  2.1
Unarmed Combat | 3 |  3.0

Action                   |  1- 3 |  4- 6 || total
-------------------------+-------+-------++-------
Melee: Unarmed           |    66 |    61 ||   127
       Headbutt          |     5 |     1 ||     6
       Kick              |     4 |     2 ||     6
       Dagger            |    49 |    86 ||   135
       Punch             |       |     2 ||     2
 Cast: Beastly Appendage |     3 |     2 ||     5
       Spider Form       |     1 |     7 ||     8
  Use: Potion            |       |     5 ||     5
       Scroll            |       |     6 ||     6
 Stab: Sleeping          |     1 |       ||     1
Armor: Robe              |    28 |    13 ||    41
       Skin              |       |     4 ||     4
Dodge: Dodged            |    84 |   112 ||   196

Table legend: (Time is in decaauts)
 A = Elapsed time spent in this place.
 B = Non-inter-level travel time spent in this place.
 C = Inter-level travel time spent in this place.
 D = Time resting spent in this place.
 E = Time spent auto-exploring this place.
 F = Levels seen in this place.
 G = Mean time per level.
                   A        B        C        D        E       F      G
               +--------+--------+--------+--------+--------+-----+--------+
         Total |   4205 |   4073 |    132 |    282 |   3072 |   5 |  841.0 |
       Dungeon |   4205 |   4073 |    132 |    282 |   3072 |   5 |  841.0 |
               +--------+--------+--------+--------+--------+-----+--------+

Top non-repeatable levels by time:
     D:3: 1212 daAuts
     D:4: 1007 daAuts
     D:1: 841 daAuts
     D:2: 760 daAuts
     D:5: 384 daAuts
